 Dungeon Crawl Stone Soup version 0.19.1 (webtiles) character file.

116 Pixllover the Cudgeler (level 4, -6/44 HPs)
             Began as a Troll Berserker on Dec 20, 2016.
             Was a Believer of Trog.
             Mangled by Pytinka's ghost (7 damage)
             ... on level 4 of the Dungeon on Dec 22, 2016.
             The game lasted 00:10:19 (2845 turns).

Pixllover the Cudgeler (Troll Berserker)            Turns: 2845, Time: 00:10:20

Health: -6/44      AC:  5    Str: 24 (26) XL:     4   Next: 70%
Magic:  3/3        EV:  6    Int:  0 (3)  God:    Trog [**....]
Gold:   102        SH:  0    Dex:  7 (9)  Spells: 0 memorised, 3 levels left

rFire  . . .     SeeInvis .     a - +1 mace
rCold  . . .     Gourm    +     b - +0 animal skin
rNeg   . . .     Faith    .     (no shield)
rPois  .         Spirit   .     (helmet restricted)
rElec  .         Reflect  .     (no cloak)
rCorr  +         Harm     .     (gloves unavailable)
MR     .....                    (boots unavailable)
Stlth  +.........               (no amulet)
                                g - -4 ring of evasion (curse)
                                o - ring of resist corrosion

@: lethally poisoned (-6 -> -9), slowed, lost intelligence, very slow
A: unfitting armour, claws 3, fast metabolism 3, gourmand, regeneration 1,
shaggy fur 1, tough skin 2
a: Berserk, Trog's Hand, Burn Spellbooks, Renounce Religion


You were on level 4 of the Dungeon.
You worshipped Trog.
Trog was pleased with you.
You were not hungry.

You visited 1 branch of the dungeon, and saw 4 of its levels.

You collected 102 gold pieces.

Inventory:

Hand Weapons
 a - a +1 mace (weapon)
 e - a +3 hunting sling
 k - a +0 hunting sling
Missiles
 f - 3 large rocks (quivered)
 l - 11 stones
Armour
 b - a +0 animal skin (worn)
Jewellery
 g - a cursed -4 ring of evasion (right claw)
 o - a ring of resist corrosion (left claw)
 p - an uncursed ring of stealth {unknown}
Wands
 m - a wand of confusion (25/48)
Scrolls
 d - 2 scrolls of identify {unknown}
 h - a scroll of fear
 r - a scroll of remove curse {unknown}
Potions
 n - a potion of flight
 s - 2 potions of magic
Comestibles
 c - 2 bread rations
 i - 2 slices of pizza
 j - 2 meat rations
 q - 2 chunks of flesh


   Skills:
 + Level 2.9 Fighting
 + Level 3.9 Maces & Flails
 + Level 3.2 Dodging
 + Level 0.1 Stealth


You had 3 spell levels left.
You didn't know any spells.

Dungeon Overview and Level Annotations

Branches:
Dungeon (4/15)
 Temple: D:4-7

Altars:
Xom

Annotations:
D:4 Pytinka's ghost, amateur MiFi


Innate Abilities, Weirdness & Mutations

You are too large for most types of armour.
You have claws for hands.
Your metabolism is lightning-fast.
You like to eat raw meat.
Your natural rate of healing is unusually fast.
You are covered in fur. (AC +1)
You have very tough skin. (AC +2)


Message History

A quokka comes into view.
You see here 13 gold pieces.
You see here 13 gold pieces.
You now have 102 gold pieces (gained 13).
Pytinka's ghost hits you!
You hit Pytinka's ghost.
Pytinka's ghost is lightly damaged.
Pytinka's ghost hits you!
You are poisoned.
Pytinka's ghost hits you!
* * * LOW HITPOINT WARNING * * *
Pytinka's ghost freezes you.
* * * LOW HITPOINT WARNING * * *
* * * LOW HITPOINT WARNING * * *
You feel sick.
You hit Pytinka's ghost.
Pytinka's ghost is lightly damaged.
* * * LOW HITPOINT WARNING * * *
You feel sick. Pytinka's ghost hits you!
You die...

#### #.... .r..#
.. ....###...###..
#.........##..
#.#.##........
#.#.##..#.##.#
#.#.....#.##.#
#@#....[..##.#####
#.W.............<.
#.........##.#####
#?.....##.##.#
#.#...###.##.#
#.#.### #.##.#
#.#.. ..##.#
#.#.## ..##.#
#.#.# .....#


You could see Pytinka's ghost.

Vanquished Creatures
  Terence (D:3)
  3 adders
  An ooze (D:3)
  2 worms (D:2)
  2 leopard geckos (D:2)
  4 bats
  4 giant cockroaches
  4 goblins
  10 hobgoblins
  A quokka (D:2)
  6 frilled lizards
  8 kobolds
  6 rats
52 creatures vanquished.

Notes
Turn   | Place    | Note
-------+----------+-------------------------------------------
     0 | D:1      | Pixllover the Troll Berserker began the quest for the Orb.
     0 | D:1      | Reached XP level 1. HP: 22/22 MP: 0/0
   402 | D:1      | Reached XP level 2. HP: 29/29 MP: 1/1
  1022 | D:1      | Reached ** piety under Trog
  1298 | D:2      | Reached XP level 3. HP: 36/36 MP: 2/2
  1453 | D:2      | Found a shimmering altar of Xom.
  2008 | D:3      | Lost intelligence.
  2146 | D:3      | Noticed Terence
  2165 | D:3      | Killed Terence
  2165 | D:3      | Reached XP level 4. HP: 20/44 MP: 3/3
  2837 | D:4      | Noticed Pytinka's ghost (amateur MiFi)
  2844 | D:4      | HP: 2/44 [poisoned by Pytinka's ghost]
  2845 | D:4      | Mangled by Pytinka's ghost

Skill      XL: |  1  2  3 |
---------------+----------+-----
Maces & Flails | 3 |  3.9
Dodging        | 3 |  3.2
Fighting       | |  2.9
Stealth        | |  0.1

Action                   |  1- 3 |  4- 6 || total
-------------------------+-------+-------++-------
Melee: Mace              |   119 |    33 ||   152
  Use: Scroll            |     4 |       ||     4
       Potion            |     3 |     1 ||     4
  Eat: Chunk             |    23 |     2 ||    25
       Bread ration      |       |     1 ||     1
Armor: Animal skin       |    53 |    17 ||    70
Dodge: Dodged            |    71 |    20 ||    91
